Map: Submarine LE

Players

INnoVation

  • Race: Terran Terran
  • League: Grandmaster
  • Spawn Location: 11:00

TIME (Oliveira) - Winner!

  • Race: Terran Terran
  • League: Grandmaster
  • Spawn Location: 5:00

Event: DreamHack SC2 Masters 2020 Winter

VOD

Have the link to the VOD?

Description

Time

  • Played on: Nov. 11, 2020, 11:20 a.m.
  • Length: 11:26

All games in this series

Show
View Real Time Build Order
Export as new Build Order

INnoVation Terran 

Build Orders:  

Get SALT Encoding   

  12  0:00  SCV  
  13  0:12  SCV  
  14  0:17  Supply Depot  
  14  0:24  SCV  
  15  0:38  SCV  
  15  0:40  Barracks  
  16  0:43  Refinery  
  16  0:50  SCV  
  16  0:54  Refinery  
  17  1:02  SCV  
  18  1:15  SCV  
  19  1:27  Reaper, Orbital Command  
  19  1:31  Supply Depot  
  20  1:43  Factory  
  20  1:52  SCV  
  21  1:59  Reaper  
  22  2:04  SCV  
  23  2:16  SCV  
  23  2:22  Command Center  
  24  2:29  SCV, Factory Tech Lab  
  25  2:31  Barracks Reactor  
  25  2:41  SCV  
  25  2:42  Starport  
  26  2:46  Supply Depot  
  26  2:53  SCV  
  27  3:03  Siege Tank  
  30  3:05  SCV  
  31  3:13  Marine x2  
  31  3:18  SCV  
  33  3:23  Medivac, Refinery  
  35  3:31  Marine x2  
  37  3:35  Orbital Command  
  37  3:38  SCV  
  38  3:44  Siege Tank  
  41  3:49  Marine x2  
  41  3:51  SCV  
  41  3:53  Starport Tech Lab  
  44  4:02  SCV  
  45  4:03  SCV  
  45  4:07  Supply Depot  
  45  4:09  Marine x2  
  48  4:15  Raven  
  48  4:16  SCV x2  
  52  4:28  SCV x2  
  52  4:29  Siege Tank  
  52  4:31  Marine x2  
  59  4:32  Supply Depot  
  55  4:40  SCV  
  55  4:41  SCV  
  54  4:48  Marine  
  54  4:49  Marine  
  45  4:53  SCV x2  
  38  5:00  Raven  
  38  5:05  SCV x2  
  38  5:06  Marine x2  
  42  5:17  SCV x2  
  44  5:22  Siege Tank  
  44  5:24  Marine x2  
  49  5:29  SCV x2  
  51  5:41  SCV x2  
  51  5:42  Marine x2  
  55  5:46  Raven  
  57  5:50  Supply Depot  
  57  5:53  SCV x2  
  59  5:59  Command Center  
  59  6:04  Siege Tank  
  59  6:07  SCV  
  59  6:09  Barracks Reactor  
  63  6:16  SCV, Refinery  
  64  6:19  SCV  
  64  6:21  Supply Depot  
  65  6:28  SCV  
  65  6:32  SCV  
  67  6:37  Starport Reactor  
  67  6:39  Barracks  
  67  6:40  Siege Tank  
  67  6:43  Barracks  
  68  6:51  SCV x2  
  64  7:03  SCV x2, Engineering Bay  
  64  7:04  Engineering Bay, Stimpack, Marine  
  67  7:11  Orbital Command  
  64  7:15  SCV x2  
  63  7:23  Siege Tank  
  63  7:27  SCV  
  63  7:28  SCV  
  68  7:33  Terran Infantry Weapons Level 1  
  68  7:34  Marine, Terran Infantry Armor Level 1  
  68  7:35  Marine x3  
  68  7:36  Marine  
  73  7:38  Starport Reactor  
  73  7:39  Orbital Command  
  73  7:40  SCV x2  
  75  7:52  SCV x2, Marine x2  
  75  7:53  Marine x3  
  75  7:56  Siege Tank  
  85  8:00  Supply Depot  
  85  8:03  Supply Depot  
  85  8:08  SCV x3  
  85  8:10  Marine x2  
  85  8:11  Marine x2  
  92  8:14  Medivac x2  
  96  8:21  SCV x3  
  96  8:26  Supply Depot  
  99  8:28  Barracks  
  99  8:29  Barracks  
  99  8:33  SCV x3  
  101  8:38  Armory  
  100  8:47  Marine x5  
  105  8:49  SCV x3  
  106  8:58  Medivac x2  
  109  9:05  Marine x5  
  109  9:08  SCV x2  
  113  9:17  Orbital Command  
  113  9:20  Barracks Reactor x2  
  113  9:22  Marine  
  113  9:23  Marine x4  
  116  9:24  SCV  
  116  9:25  SCV  
  105  9:32  Medivac x2  
  105  9:37  SCV x2  
  106  9:40  Marine x2  
  106  9:41  Marine x3  
  107  9:50  SCV x3  
  108  9:58  Marine x3  
  98  10:01  Marine x4  
  98  10:02  Marine x2  
  98  10:05  SCV x3  
  84  10:17  SCV x2  
  84  10:18  SCV  
  81  10:21  Marine x4  
  81  10:30  Medivac x2  
  81  10:31  Marine  
  81  10:32  Marine x4  
  81  10:35  Orbital Command  
  88  10:39  Marine  
  87  10:47  SCV x2  
  89  10:54  Marine x3  
  92  11:01  SCV x3  
  92  11:03  Barracks Tech Lab  
  93  11:07  Marine  
Show
View Real Time Build Order
Export as new Build Order

TIME Terran - Winner!

Build Orders: Reaper Expand 

Get SALT Encoding   

  12  0:00  SCV  
  13  0:12  SCV  
  14  0:16  Supply Depot  
  14  0:24  SCV  
  15  0:38  SCV  
  15  0:40  Barracks  
  16  0:46  Refinery  
  16  0:50  SCV  
  17  1:02  SCV  
  18  1:14  SCV  
  19  1:27  Orbital Command  
  19  1:28  Reaper  
  20  1:40  Command Center  
  20  1:47  Supply Depot  
  20  1:53  SCV  
  21  1:59  Marine  
  22  2:05  SCV  
  22  2:07  Factory  
  23  2:13  Bunker  
  23  2:18  Refinery  
  23  2:20  SCV  
  24  2:23  Barracks Reactor  
  24  2:32  SCV  
  25  2:45  SCV  
  26  2:52  Hellion  
  26  2:53  Orbital Command, Starport  
  28  2:59  Marine x2  
  28  3:05  SCV  
  29  3:14  Factory Tech Lab  
  29  3:16  Marine  
  29  3:17  SCV, Marine  
  31  3:22  SCV  
  32  3:30  SCV  
  32  3:33  Medivac, Widow Mine  
  37  3:34  Marine x2  
  37  3:35  SCV  
  37  3:40  Refinery  
  40  3:46  Supply Depot  
  40  3:48  SCV x2  
  41  3:52  Marine x2  
  44  4:06  Starport Tech Lab  
  44  4:08  SCV, Cyclone  
  44  4:09  SCV  
  49  4:10  Marine x2  
  49  4:12  Supply Depot  
  48  4:25  Raven  
  48  4:28  Marine x2  
  43  4:32  SCV  
  43  4:35  SCV  
  40  4:45  SCV  
  41  4:46  Marine x2  
  41  4:47  Siege Tank  
  41  4:51  SCV  
  47  4:57  SCV  
  46  5:03  SCV  
  48  5:09  SCV  
  49  5:15  SCV  
  49  5:19  Siege Tank  
  49  5:21  SCV  
  52  5:27  SCV  
  53  5:29  Supply Depot  
  53  5:30  Stimpack, Marine  
  53  5:33  SCV, Viking  
  57  5:39  SCV  
  58  5:43  Viking  
  58  5:45  SCV  
  61  5:51  Supply Depot  
  61  5:52  Marine  
  61  5:53  SCV  
  63  6:05  Siege Tank  
  63  6:06  Viking  
  63  6:07  SCV  
  63  6:11  SCV  
  70  6:17  Viking, Command Center  
  72  6:20  Marine  
  72  6:23  SCV  
  72  6:25  SCV  
  75  6:27  Supply Depot  
  75  6:35  SCV  
  66  6:56  Viking x2, Siege Tank  
  66  6:57  SCV  
  66  6:58  SCV  
  66  7:00  Marine  
  66  7:01  Refinery  
  74  7:02  Barracks  
  74  7:05  Barracks  
  74  7:09  SCV  
  74  7:17  SCV  
  74  7:21  SCV  
  74  7:22  Marine  
  71  7:23  Combat Shield  
  71  7:25  Engineering Bay  
  71  7:26  Engineering Bay  
  71  7:27  Viking  
  71  7:29  SCV  
  75  7:30  Siege Tank  
  75  7:34  Orbital Command  
  75  7:35  SCV  
  79  7:40  Liberator  
  79  7:43  SCV  
  83  7:47  SCV  
  84  7:51  Barracks Reactor  
  84  7:52  Barracks Reactor, Marine  
  84  7:55  SCV  
  84  7:57  Orbital Command  
  86  7:59  Viking, SCV  
  86  8:00  Supply Depot  
  89  8:13  Terran Infantry Weapons Level 1  
  89  8:15  SCV x2  
  89  8:17  Barracks x2  
  91  8:21  Terran Infantry Armor Level 1  
  91  8:22  Supply Depot  
  91  8:23  SCV  
  91  8:25  Marine  
  93  8:27  SCV  
  93  8:29  Supply Depot  
  94  8:37  Marine x3, Siege Tank  
  94  8:40  SCV  
  101  8:41  SCV  
  101  8:47  Marine  
  103  8:51  Medivac  
  103  8:52  SCV  
  103  8:53  SCV  
  103  8:55  Marine x2  
  107  8:56  Supply Depot x2  
  107  9:00  Marine x2  
  111  9:05  SCV, Marine  
  111  9:07  Barracks Reactor x2  
  113  9:11  Siege Tank  
  113  9:14  Marine  
  116  9:17  Marine  
  116  9:19  Marine  
  116  9:20  Marine  
  117  9:26  Marine  
  116  9:31  SCV  
  116  9:32  Marine  
  116  9:35  Marine  
  116  9:37  Marine x2  
  111  9:43  SCV x2, Marine x2  
  111  9:44  Marine x2  
  113  9:50  Marine  
  116  9:53  Marine x2  
  116  9:55  Marine x2  
  105  10:01  Marine x2  
  105  10:02  Marine x2  
  105  10:03  Siege Tank  
  105  10:06  SCV  
  99  10:07  Marine  
  99  10:08  Medivac x2  
  99  10:10  SCV, Marine x2  
  99  10:13  Marine x2  
  100  10:19  Marine x2  
  100  10:20  SCV x2, Marine x2  
  103  10:24  SCV  
  103  10:25  Marine  
  105  10:28  Marine x2  
  105  10:31  Marine x2  
  105  10:32  SCV x2  
  105  10:35  Siege Tank  
  111  10:36  Marine  
  111  10:37  SCV  
  111  10:39  Marine  
  114  10:42  Marine  
  114  10:43  Marine  
  114  10:44  SCV  
  114  10:45  SCV  
  114  10:48  Marine  
  114  10:49  Medivac  
  121  10:52  Medivac  
  121  10:53  SCV  
  121  10:54  Marine  
  125  10:59  Marine  
  125  11:03  SCV  
  127  11:04  Marine  
  127  11:10  Armory  
  122  11:11  SCV  
Tags
 
Add a new tag
Caveats
  • Supply blocks, unpowered buildings, or Contaminate may cause inaccurate times.
  • Supply counts are checked every 10 seconds.